 Dungeon Crawl Stone Soup version 0.22-a0-825-ga28c36f (webtiles) character file.

105 inc the Skirmisher (level 4, 0/49 HPs)
             Began as an Ogre Skald on July 24, 2018.
             Slain by a gnoll
             ... wielding a +0 spear
              (7 damage)
             ... on level 3 of the Dungeon.
             The game lasted 00:02:57 (3078 turns).

inc the Skirmisher (Ogre Skald)                     Turns: 3078, Time: 00:02:58

Health: 0/49       AC:  3    Str: 16    XL:     4   Next: 83%
Magic:  4/6        EV: 10    Int: 14    God:
Gold:   111        SH:  0    Dex:  8    Spells: 2/7 levels left

rFire    . . .     SeeInvis .   a - +0 mace
rCold    . . .     Gourm    .   (no shield)
rNeg     . . .     Faith    .   b - +0 robe
rPois    .         Spirit   .   (helmet restricted)
rElec    .         Reflect  .   (no cloak)
rCorr    .         Harm     .   (gloves unavailable)
MR       .....                  (boots unavailable)
Stlth    ..........             (no amulet)
HPRegen  0.16/turn              g - ring of attention (curse)
MPRegen  0.10/turn              (no ring)

@: infused
A: large, unfitting armour, horns 1, talons 1, low mp 1, tough skin 1
a: no special abilities


You were on level 3 of the Dungeon.
You were hungry.

You visited 1 branch of the dungeon, and saw 3 of its levels.

You collected 111 gold pieces.

Inventory:

Hand Weapons
 a - a +0 mace (weapon)
Armour
 b - a +0 robe (worn)
 p - a +2 large shield
Jewellery
 g - a cursed ring of attention (left hand)
Scrolls
 c - a scroll of teleportation {unknown}
 h - a scroll of random uselessness {unknown}
 i - a scroll of blinking {unknown}
 j - a scroll of amnesia {unknown}
 k - a scroll of magic mapping {unknown}
 l - a scroll of enchant weapon {unknown}
Potions
 e - a potion of mutation
Comestibles
 d - 4 rations


   Skills:
 + Level 4.9 Fighting
 + Level 3.3 Maces & Flails
 - Level 2.1 Dodging
 - Level 2.4 Spellcasting
 - Level 2.6 Charms


You had 2 spell levels left.
You knew the following spells:

 Your Spells              Type           Power        Failure   Level  Hunger
a - Infusion              Chrm           #...         8%          1    #......
b - Shroud of Golubria    Chrm/Tloc      #.........   21%         2    ###....
c - Song of Slaying       Chrm           #.......     12%         2    ###....

Your spell library contained the following spells:

 Spells                   Type           Power        Failure   Level  Hunger
 Regeneration             Chrm/Necr      #.........   36%         3    ###....
 Spectral Weapon          Hex/Chrm       #.......     36%         3    ###....


Dungeon Overview and Level Annotations

Branches:
Dungeon (3/15)

Altars:
Ashenzari
Gozag
Uskayaw


Innate Abilities, Weirdness & Mutations

You are too large for most types of armour.
You have tough skin. (AC +1)
You have a pair of small horns on your head.
You have sharp toenails.
Your magical capacity is low. (-10% MP)


Message History

The gnoll is heavily wounded.
The gnoll misses you.
The gnoll hits you from afar with a spear.
You completely miss the gnoll. Your headbutt misses the gnoll.
The gnoll is heavily wounded.
The gnoll hits you! The gnoll closely misses you.
You closely miss the gnoll. You claw the gnoll.
The gnoll is severely wounded.
The gnoll closely misses you. The gnoll barely misses you. x2
You hit the gnoll but do no damage.
The gnoll is severely wounded.
The gnoll hits you from afar with a spear.
* * * LOW HITPOINT WARNING * * *
The gnoll hits you.
* * * LOW HITPOINT WARNING * * *
You hit the gnoll!
You kill the gnoll!
The gnoll hits you but does no damage.
The gnoll hits you from afar with a spear!
You die...

....# #...##.#..#.....## ....#
#...##.# #.##### ....# #<..#
.. #.#
....###...#######.############
..........................$..#
....................>.........
......................)......#
....###############'#####<....
....# .).....@†gS....# ...
....# ###+########...# . ....#
...# ....# ..# ....# ..# ....#
.# ....# .≈ ....+ ....#


You could see a gnoll and an adder.

Vanquished Creatures
  A gnoll (D:3)
  4 adders
  2 dart slugs (D:1)
  A leopard gecko (D:2)
  5 orcs (D:3)
  8 bats
  6 goblins
  6 hobgoblins
  6 kobolds
  2 quokkas
  3 frilled lizards
  3 rats
47 creatures vanquished.

Notes
Turn   | Place    | Note
-------+----------+-------------------------------------------
     0 | D:1      | inc the Ogre Skald began the quest for the Orb.
     0 | D:1      | Reached XP level 1. HP: 22/22 MP: 3/3
   146 | D:1      | Found a shattered altar of Ashenzari.
   164 | D:1      | Reached skill level 3 in Fighting
   182 | D:1      | Reached XP level 2. HP: 22/31 MP: 5/5
   847 | D:1      | Reached XP level 3. HP: 34/39 MP: 6/6
   912 | D:2      | Reached skill level 4 in Fighting
  1705 | D:2      | Reached XP level 4. HP: 28/49 MP: 7/7
  1910 | D:2      | Learned a level 2 spell: Shroud of Golubria
  1913 | D:2      | Learned a level 2 spell: Song of Slaying
  2083 | D:2      | Found a hide-covered altar of Uskayaw.
  2417 | D:3      | Found an opulent altar of Gozag.
  3066 | D:3      | Gained mutation: You have sharp toenails. [potion of mutation]
  3066 | D:3      | Gained mutation: Your magical capacity is low. (-10% MP) [potion of mutation]
  3066 | D:3      | Gained mutation: You have a pair of small horns on your head. [potion of mutation]
  3066 | D:3      | HP: 2/49 [poisoned by an adder]
  3078 | D:3      | Slain by a gnoll

Vault maps used:
D:1:      wheals_arrival_linesprint, minivault_14, evilmike_ruin_ashenzari
D:2:      nicolae_overflow_crystal_walls, serial_forest,
          infiniplex_forest_straight_4, infiniplex_forest_clump_curved,
          infiniplex_forest_diagonal, infiniplex_forest_diagonal,
          infiniplex_forest_straight_2, infiniplex_forest_straight_2,
          infiniplex_forest_clump_long, infiniplex_forest_end_3,
          infiniplex_forest_lined_room_2, infiniplex_forest_end_2
D:3:      lemuel_round_altar, nicolae_overflow_hidden_temple, kennysheep_boxes

Skill      XL: |  1  2  3 |
---------------+----------+-----
Fighting       | 3 4 |  4.9
Maces & Flails | 2 3 |  3.3
Dodging        | |  2.1
Spellcasting   | |  2.4
Charms         | |  2.6

Action                   |  1- 3 |  4- 6 || total
-------------------------+-------+-------++-------
Melee: Mace              |   162 |    71 ||   233
       Kick              |       |     1 ||     1
 Cast: Infusion          |     2 |     3 ||     5
  Use: Potion            |       |     5 ||     5
  Eat: Chunk             |     3 |       ||     3
       Ration            |       |     1 ||     1
Armor: Robe              |   109 |    10 ||   119
Dodge: Dodged            |   146 |    46 ||   192
Block: Large shield      |       |    17 ||    17

Table legend:
 A = Spawn XP
 B = Non-spawn XP
 C = Spawn XP percentage of total XP
 D = Spawn monster count
 E = Non-spawn monster count
 F = Spawn count percentage of total count
 G = Total turns spent on level
                    A         B        C        D         E        F      G
               +---------+---------+-------+---------+---------+-------+---------
         Total |       0 |     151 |   0.0 |       0 |      47 |   0.0 |  3078
               +---------+---------+-------+---------+---------+-------+---------
           D:1 |       0 |      35 |   0.0 |       0 |      17 |   0.0 |   853
           D:2 |       0 |      68 |   0.0 |       0 |      19 |   0.0 |  1534
           D:3 |       0 |      48 |   0.0 |       0 |      11 |   0.0 |   691
               +---------+---------+-------+---------+---------+-------+---------
